 Dungeon Crawl Stone Soup version 0.23.0 (webtiles) character file.

Game seed: 17979682565277658133

311274 GoshHeckie the Slayer (level 21, -11/149 HPs)
             Began as a Gargoyle Fighter on Feb 14, 2019.
             Was the Champion of Okawaru.
             Killed from afar by a molten gargoyle (38 damage)
             ... with a bolt of magma
             ... in the Desolation of Salt on Feb 15, 2019.
             The game lasted 04:06:13 (55642 turns).

GoshHeckie the Slayer (Gargoyle Fighter)           Turns: 55642, Time: 04:06:18

Health: -11/149    AC: 52    Str: 41    XL:     21   Next: 28%
Magic:  4/9        EV: 12    Int: 10    God:    Okawaru [******]
Gold:   4210       SH: 27    Dex: 10    Spells: 20/20 levels left

rFire    x . .     SeeInvis +   v - +9 demon whip (antimagic)
rCold    + . .     Gourm    .   u - +5 shield of the Other World {Str+3}
rNeg     + + +     Faith    .   C - +0 plate armour
rPois    ∞         Spirit   .   V - +2 helmet {SInv}
rElec    +         Reflect  +   k - +2 cloak {MR+}
rCorr    .         Harm     .   r - +2 pair of gloves {Str+3}
MR       ++...                  J - +0 pair of boots
Stlth    ..........             K - amulet "Zasop" {Reflect rN++ SH+6 Stlth+}
HPRegen  0.34/turn              N - ring "Uwnow" {Ice Str+7 Stlth-}
MPRegen  0.11/turn              Z - +5 ring of protection

@: finesse
A: big wings, negative energy resistance 1, electricity resistance, unbreathing,
petrification resistance, rot immunity, AC +16
}: 2/15 runes: decaying, gossamer
a: Fly, Heroism, Finesse, Renounce Religion


You were in the Desolation of Salt.
You worshipped Okawaru.
Okawaru was exalted by your worship.
You were hungry.

You visited 7 branches of the dungeon, and saw 38 of its levels.
You also visited: Ice Cave, Volcano and Desolation.

You collected 4577 gold pieces.
You spent 367 gold pieces at shops.

Inventory:

Hand Weapons
 g - the +7 whip of Butousa {venom, +Blink Str+6 Dex-5}
   (You found it on level 4 of the Dungeon)

   It poisons the flesh of those it strikes.
   It affects your strength (+6).
   It affects your dexterity (-5).
   It lets you blink.
 v - a +9 antimagic demon whip (weapon)
 O - the +8 whip "Snakebite" {curare, rPois}
   (Okawaru gifted it to you on level 2 of the Swamp)

   It poisons the flesh of those it strikes.
   It protects you from poison.
 Q - a +2 mace of holy wrath
Armour
 k - a +2 cloak of magic resistance (worn)
 r - a +2 pair of gloves of strength (worn)
 u - the +5 shield of the Other World (worn) {Str+3}
   (Okawaru gifted it to you on level 1 of the Lair of Beasts)

   It affects your strength (+3).
 C - a +0 plate armour (worn)
 J - a +0 pair of boots (worn)
 V - a +2 helmet of see invisible (worn)
Jewellery
 e - an uncursed ring of protection from magic
 y - an uncursed ring of resist corrosion
 z - an uncursed ring of protection from fire
 K - the amulet "Zasop" (around neck) {Reflect rN++ SH+6 Stlth+}
   (You acquired it on level 2 of the Orcish Mines)

   [amulet of reflection]

   It shields you and reflects attacks.
   It greatly protects you from negative energy.
   It affects your SH (+6).
   It makes you more stealthy.
 M - an uncursed ring of positive energy
 N - the ring "Uwnow" (left hand) {Ice Str+7 Stlth-}
   (You found it on level 2 of the Lair of Beasts)

   [ring of ice]

   It enhances your ice magic.
   It affects your strength (+7).
   It makes you vulnerable to fire.
   It protects you from cold.
   It makes you less stealthy.
 S - an uncursed ring of protection from fire
 W - the amulet of Utzerin {Gourm MR+ Str+7 Int+3}
   (You took it off a deep elf sorcerer on level 3 of the Elven Halls)

   [amulet of the gourmand]

   It allows you to eat raw meat even when not hungry.
   It affects your strength (+7).
   It affects your intelligence (+3).
   It affects your resistance to hostile enchantments.
 X - the ring of Divine Intervention {Dex+4 Stlth+}
   (You took it off a deep elf high priest on level 3 of the Elven Halls)

   [ring of stealth]

   It affects your dexterity (+4).
   It makes you more stealthy.
 Z - a +5 ring of protection (right hand)
Wands
 c - a wand of paralysis (10)
 p - a wand of iceblast (35)
 q - a wand of disintegration (19)
 D - a wand of flame (40)
 H - a wand of digging (11)
 T - a wand of acid (5)
Scrolls
 a - 5 scrolls of identify
 d - 2 scrolls of blinking
 h - 3 scrolls of enchant armour
 m - 6 scrolls of teleportation
 n - 10 scrolls of remove curse
 s - 5 scrolls of fog
 t - 4 scrolls of fear
 I - 6 scrolls of magic mapping
 L - a scroll of silence
Potions
 b - 2 potions of might
 j - 3 potions of haste
 o - 2 potions of berserk rage
 A - 3 potions of cancellation
 E - 2 potions of invisibility
 F - 5 potions of agility
 G - 3 potions of curing
 P - 3 potions of ambrosia
 R - 4 potions of resistance
Miscellaneous
 w - a lamp of fire
Comestibles
 f - 50 rations


   Skills:
 + Level 21.4 Fighting
 - Level 14.0 Maces & Flails
 + Level 18.8 Armour
 + Level 6.7 Dodging
 + Level 4.7 Stealth
 - Level 15.0 Shields
 * Level 11.9 Invocations
 * Level 10.3 Evocations


You had 20 spell levels left.
You didn't know any spells.
Your spell library contained the following spells:

 Spells                   Type           Power        Failure   Level  Hunger
 Apportation              Tloc           #.....       75%         1    ##.....
 Beastly Appendage        Tmut           #.....       75%         1    ##.....
 Confusing Touch          Hex            #.....       75%         1    ##.....
 Corona                   Hex            #......      75%         1    ##.....
 Freeze                   Ice            #...         75%         1    ##.....
 Magic Dart               Conj           #...         75%         1    ##.....
 Sandblast                Erth           #.....       75%         1    ##.....
 Shock                    Conj/Air       #...         75%         1    ##.....
 Summon Butterflies       Summ           #.......     75%         1    ##.....
 Blink                    Tloc           N/A          86%         2    ###....
 Call Imp                 Summ           #.......     86%         2    ###....
 Corpse Rot               Necr           N/A          86%         2    ###....
 Ensorcelled Hibernation  Hex/Ice        #.....       86%         2    ###....
 Passwall                 Tmut/Erth      #.......     86%         2    ###....
 Slow                     Hex            #.......     86%         2    ###....
 Sticks to Snakes         Tmut           #.......     86%         2    ###....
 Throw Flame              Conj/Fire      #.....       86%         2    ###....
 Throw Frost              Conj/Ice       #.....       86%         2    ###....
 Call Canine Familiar     Summ           #.......     98%         3    ####...
 Confuse                  Hex            #.......     98%         3    ####...
 Conjure Flame            Conj/Fire      #.......     98%         3    ####...
 Dazzling Spray           Conj/Hex       #.....       98%         3    ####...
 Gell's Gravitas          Tloc           #.........   98%         3    ####...
 Lesser Beckoning         Tloc           #.........   98%         3    ####...
 Mephitic Cloud           Conj/Pois/Air  #.......     98%         3    ####...
 Ozocubu's Armour         Chrm/Ice       #.......     98%         3    ####...
 Portal Projectile        Hex/Tloc       #.....       98%         3    ####...
 Recall                   Summ/Tloc      N/A          98%         3    ####...
 Spider Form              Tmut/Pois      #.........   98%         3    ####...
 Static Discharge         Conj/Air       #.......     98%         3    ####...
 Stone Arrow              Conj/Erth      #.....       98%         3    ####...
 Tukima's Dance           Hex            #.......     98%         3    ####...
 Airstrike                Air            #.........   100%        4    #####..
 Animate Dead             Necr           N/A          100%        4    #####..
 Cause Fear               Hex            #.........   100%        4    #####..
 Force Lance              Conj/Tloc      #.......     100%        4    #####..
 Ice Form                 Ice/Tmut       #.......     100%        4    #####..
 Petrify                  Tmut/Erth      #.......     100%        4    #####..
 Summon Ice Beast         Ice/Summ       #.......     100%        4    #####..
 Throw Icicle             Conj/Ice       #.......     100%        4    #####..
 Agony                    Necr           #.......     100%        5    ######.
 Alistair's Intoxication  Tmut/Pois      #.......     100%        5    ######.
 Blade Hands              Tmut           #.........   100%        5    ######.
 Bolt of Draining         Conj/Necr      #.........   100%        5    ######.
 Borgnjor's Vile Clutch   Necr/Erth      #.........   100%        5    ######.
 Dispel Undead            Necr           #.......     100%        5    ######.
 Excruciating Wounds      Chrm/Necr      #.........   100%        5    ######.
 Lee's Rapid Deconstruct  Erth           #.........   100%        5    ######.
 Lightning Bolt           Conj/Air       #.........   100%        5    ######.
 Metabolic Englaciation   Hex/Ice        #.........   100%        5    ######.
 Silence                  Hex/Air        #.........   100%        5    ######.
 Summon Mana Viper        Hex/Summ       #.......     100%        5    ######.
 Yara's Violent Unravell  Hex/Tmut       #.........   100%        5    ######.
 Death Channel            Necr           #.........   100%        6    #######
 Deflect Missiles         Chrm/Air       #.........   100%        6    #######
 Dispersal                Tloc           #.........   100%        6    #######
 Freezing Cloud           Conj/Ice/Air   #.........   100%        6    #######
 Invisibility             Hex            #.......     100%        6    #######
 Simulacrum               Ice/Necr       #.........   100%        6    #######
 Spellforged Servitor     Conj/Summ      #.........   100%        7    #######
 Summon Hydra             Summ           #.........   100%        7    #######
 Controlled Blink         Tloc           N/A          100%        8    #######
 Discord                  Hex            #.........   100%        8    #######
 Disjunction              Tloc           #.........   100%        8    #######
 Ignition                 Fire           #.........   100%        8    #######
 Shatter                  Erth           #.........   100%        9    #######
 Tornado                  Air            #.........   100%        9    #######
 Sublimation of Blood     Necr           Unusable     N/A         2    N/A

Dungeon Overview and Level Annotations

Branches:
Dungeon (15/15)            Temple (0/1) D:7            Lair (6/6) D:11
  Swamp (4/4) Lair:2       Spider (4/4) Lair:2        Slime (0/5) Lair:6
    Orc (2/2) D:11            Elf (3/3) Orc:2        Vaults (3/5) D:13
  Crypt (0/3) Vaults:2
 Depths: D:15

Altars:
Cheibriados
Elyvilon
Fedhas
Hepliaklqana
Kikubaaqudgha
Makhleb
Nemelex Xobeh
Okawaru
Uskayaw
Vehumet
Wu Jian
Xom
The Shining One
Beogh

Shops:
D:6 ?   D:7 %   Orc:1 :   Orc:2 [((=   Elf:2 *   Elf:3 ?

Annotations:
D:10 1 runed translucent door, exclusion: 4 orange crystal statues


Innate Abilities, Weirdness & Mutations

You are resistant to torment.
Your stone body is resilient. (AC +16)
You are immune to poison.
Your large and strong wings let you fly indefinitely.
You resist negative energy. (rN+)
You are resistant to electric shocks. (rElec)
You can survive without breathing.
You are immune to petrification.
You are immune to rotting.


Message History

The crystal guardian fires a crystalline bolt at you.
The crystal bolt freezes you!!
Put on which piece of jewellery? (? for menu, Esc to quit)
You're wearing all the rings you can.
Remove which one? (? for menu, Esc to cancel) < or
e - a ring of protection from magic > or
Z - a +5 ring of protection You remove your ring of protection from magic.
You feel more attuned to ice.
N - the ring "Uwnow" (left hand) {Ice Str+7 Stlth-} You block the servant of whispers's attack.
Okay, then.
You can now deal lightning-fast blows.
The crystal guardian fires a crystalline bolt at you.
The crystal bolt misses you. The crystal bolt burns you!!!
The fire burns you terribly!
* * * LOW HITPOINT WARNING * * *
The molten gargoyle blasts magma at you!
The bolt of magma hits you!!! The lava burns you terribly!
You die...

9§§§..##......§§§§§§§§......8...
§§§..........§.§§§§§§§ .........
§§§§§........§.§§§§§§§§.§........
§§§§§.......§§§§§§§§§§.§ .......
§§§.§.......§9§§§§§§§§§ ......
§§§.......p...§§§§§§§§§ ......
.§§.......####.§§§§§§§§§.........
.§§.....###[)###p9§§.§§..........
§§.....8# 89. #@§§§§§§......§...
......###.... #§§..§..........§.
........8.8.. #.§.8........§#§§.
.........pL.. #............§§§§.
.....)### #..........§.§§§§§
......88# #...........§.§§§§
........### ###........#.###§§§§
.....8....####............#.§§§§§
............................§.§§§


You could see a servant of whispers, a crystal guardian and a molten gargoyle.

Vanquished Creatures
  Nikola (Swamp:2)
  A deep elf master archer (Elf:3)
  2 deep elf blademasters (Elf:3)
  A sphinx (Vaults:3)
  A thorn hunter (Swamp:4)
  Agnes (Spider:4)
  Roxanne (Spider:1)
  2 frost giants
  4 ghost moths
  A deep elf elementalist (Elf:3)
  A vault warden (Vaults:2)
  An orc warlord (Orc:1)
  7 deep elf sorcerers (Elf:3)
  4 very ugly things
  11 emperor scorpions
  2 entropy weavers
  4 ironheart preservers (Vaults:1)
  2 stone giants
  Nessos (Orc:2)
  9 deep elf annihilators (Elf:3)
  8 deep elf demonologists
  2 spark wasps
  7 deep elf death magi
  2 blizzard demons (IceCv)
  An ettin (D:13)
  A fire dragon (Vaults:2)
  3 great orbs of eyes
  5 yaktaur captains
  6 ice dragons
  5 deep elf high priests (Elf:3)
  4 peacekeepers (Desolation)
  Erica (D:8)
  A catoblepas (Lair:4)
  15 hydras
  3 servants of whispers (Desolation)
  A death knight (D:14)
  16 alligators
  20 dancing weapons
  6 centaur warriors
  An ogre mage (Vaults:2)
  8 two-headed ogres
  3 orc high priests (Orc:2)
  Urug (D:11)
  13 deep elf knights
  A shadow wraith (Vaults:2)
  7 skeletal warriors
  2 spriggan druids (Swamp:3)
  A wizard (Vaults:2)
  2 unseen horrors
  A glowing orange brain (Vaults:1)
  3 swamp dragons
  3 phantasmal warriors
  A harpy (Vaults:1)
  2 harpies (shapeshifter)
  A lindwurm (D:13)
  11 deep elf archers
  9 orc knights
  4 ironbrand convokers
  22 wolf spiders
  Pikel (D:5)
  A tengu skeleton (Vaults:2)
  An oklob plant (Lair:5)
  21 orb spiders
  51 deep elf magi
  5 cyclopes
  23 slime creatures
  3 manticores
  12 ugly things
  8 orc sorcerers
  A guardian serpent (Lair:6)
  11 elephants (Lair:6)
  3 human skeletons (Vaults:2)
  Maurice (D:9)
  3 moths of wrath
  A sphinx skeleton (Vaults:2)
  3 frost giant skeletons (Vaults:2)
  A centaur zombie (D:14)
  A stone giant skeleton (Vaults:2)
  13 black mambas
  A fire giant skeleton (Vaults:2)
  10 vault sentinels
  3 gargoyles
  15 spiny frogs
  A molten gargoyle (Volcano)
  3 torpor snails
  Psyche (D:8)
  An ice statue (IceCv)
  11 komodo dragons
  2 rime drakes
  17 demonic crawlers
  26 yaktaurs
  A yaktaur (shapeshifter) (Elf:1)
  4 ice devils (IceCv)
  10 freezing wraiths
  2 golden dragon simulacra (IceCv)
  A polar bear (Lair:5)
  3 meliai (Spider:2)
  2 queen bees
  A hornet (shapeshifter) (Elf:1)
  31 jumping spiders
  5 trolls
  17 hornets
  A wolf spider simulacrum (IceCv)
  9 tyrant leeches
  7 hippogriffs
  24 blink frogs
  15 saltlings (Desolation)
  2 bog bodies
  96 redbacks
  A shadow (D:12)
  Sigmund (D:3)
  4 air elementals
  8 spriggans
  33 tarantellas
  A tarantella (shapeshifter) (Vaults:1)
  A vampire (D:14)
  3 wraiths
  5 dire elephant simulacra (IceCv)
  45 yaks
  A water elemental (Elf:1)
  16 wyverns
  Eustachio (D:5)
  3 fire elementals
  2 basilisks
  2 hungry ghosts
  29 vampire mosquitoes
  3 harpy simulacra (IceCv)
  20 swamp worms
  2 swamp worm simulacra (Swamp:4)
  4 wargs
  16 insubstantial wisps
  15 hydra simulacra
  2 hell hounds (Orc:1)
  16 water moccasins
  2 iron troll simulacra (IceCv)
  An acid dragon (Vaults:1)
  8 porcupines
  Duvessa (D:5)
  34 orc warriors
  4 sky beasts
  2 black bears
  2 necrophages
  6 ice beasts
  An alligator simulacrum (IceCv)
  14 ogres
  8 swamp drakes
  3 phantoms
  2 orc skeletons (Vaults:2)
  12 crocodiles
  14 centaurs
  4 earth elementals
  20 bullfrogs
  A gnoll sergeant (D:10)
  A water moccasin zombie (D:9)
  Dowan (D:5)
  An elephant simulacrum (IceCv)
  3 scorpions
  40 killer bees
  2 electric eels
  7 wights
  5 howler monkeys
  A bullfrog zombie (D:5)
  6 crimson imps
  A quasit (D:8)
  4 draconian simulacra (IceCv)
  6 hounds
  27 orc wizards
  Crazy Yiuf (D:4)
  16 orc priests
  2 bullfrog skeletons
  6 jellies
  6 centaur skeletons
  4 iguanas
  9 worker ants
  A spriggan simulacrum (IceCv)
  2 troll simulacra (IceCv)
  A killer bee zombie (D:7)
  A centaur simulacrum (IceCv)
  2 hound skeletons
  A hound zombie (D:7)
  A worker ant zombie (D:7)
  6 gnolls
  An ogre simulacrum (IceCv)
  16 adders
  3 naga simulacra (IceCv)
  3 shadow imps
  4 white imps (IceCv)
  3 swamp drake simulacra (Swamp:4)
  7 ufetubi (IceCv)
  2 oozes
  An adder zombie (D:5)
  4 worms
  2 dart slugs
  5 leopard geckos
  97 orcs
  3 giant cockroaches
  6 goblins
  6 hobgoblins
  7 jackals
  6 quokkas
  9 bats
  4 frilled lizards
  A jackal skeleton (D:6)
  7 kobolds
  12 rats
  A fungus (Lair:6)
  26 plants
1519 creatures vanquished.

Vanquished Creatures (others)
  A deep elf master archer (Elf:3)
  A deep elf knight (Elf:2)
  A deep elf archer (Elf:3)
  A spiny frog (Lair:6)
  4 yaktaurs
  A tyrant leech (Swamp:4)
  A saltling (Desolation)
  A redback (Spider:3)
  2 centaurs (Vaults:1)
  A killer bee (Spider:2)
  A bullfrog zombie (D:5)
  A hound (D:5)
  An orc wizard (D:3)
  An adder (D:5)
  2 white imps (IceCv)
  5 ufetubi (IceCv)
  2 quokkas (D:5)
  2 briar patches (Swamp:4)
  24 fungi (Lair:6)
  29 plants
82 creatures vanquished.

Grand Total: 1601 creatures vanquished

Notes
Turn   | Place    | Note
-------+----------+-------------------------------------------
     0 | D:1      | GoshHeckie the Gargoyle Fighter began the quest for the
                  | Orb.
     0 | D:1      | Reached XP level 1. HP: 14/14 MP: 1/1
   112 | D:1      | Reached XP level 2. HP: 19/19 MP: 2/2
   178 | D:1      | Found a sparkling altar of Nemelex Xobeh.
   746 | D:2      | Found an iron altar of Okawaru.
   880 | D:2      | Reached XP level 3. HP: 23/23 MP: 3/3
  1253 | D:2      | Found a blossoming altar of Fedhas.
  1601 | D:2      | Reached XP level 4. HP: 20/28 MP: 4/4
  2069 | D:3      | Reached XP level 5. HP: 26/32 MP: 5/5
  2527 | D:3      | Noticed Sigmund
  2870 | D:3      | Found a shimmering altar of Xom.
  2871 | D:3      | Found a burning altar of Makhleb.
  2917 | D:3      | Reached XP level 6. HP: 38/38 MP: 6/6
  3136 | D:3      | Killed Sigmund
  3136 | D:3      | Reached skill level 4 in Fighting
  3136 | D:3      | Reached skill level 5 in Maces & Flails
  3136 | D:3      | Reached skill level 1 in Dodging
  3460 | D:3      | Reached XP level 7. HP: 43/43 MP: 7/7
  3540 | D:4      | Found a radiant altar of Vehumet.
  3547 | D:4      | Reached skill level 5 in Shields
  3667 | D:4      | Found a hide-covered altar of Uskayaw.
  4106 | D:4      | Got a scorched whip
  4116 | D:4      | Identified the +7 whip of Butousa {venom, +Blink Str+6
                  | Dex-5} (You found it on level 4 of the Dungeon)
  4275 | D:4      | Found a runed translucent door.
  4276 | D:4      | Noticed Crazy Yiuf
  4404 | D:4      | Killed Crazy Yiuf
  4486 | D:5      | Entered Level 5 of the Dungeon
  4565 | D:5      | Noticed Pikel
  4592 | D:5      | Killed Pikel
  4592 | D:5      | Reached skill level 5 in Armour
  4592 | D:5      | Reached XP level 8. HP: 39/48 MP: 8/8
  4953 | D:5      | Noticed Eustachio
  4973 | D:5      | Killed Eustachio
  4994 | D:5      | Noticed Dowan
  4997 | D:5      | Noticed Duvessa
  5047 | D:5      | Killed Duvessa
  5051 | D:5      | Killed Dowan
  5285 | D:5      | Found a glowing golden altar of the Shining One.
  5285 | D:5      | Found a white marble altar of Elyvilon.
  5543 | D:2      | Became a worshipper of Warmaster Okawaru
  5805 | D:6      | Found Vaduwath's Magic Scroll Shoppe.
  5813 | D:6      | Bought a scroll of identify for 22 gold pieces
  5813 | D:6      | Bought a scroll of identify for 22 gold pieces
  5813 | D:6      | Bought a scroll of identify for 22 gold pieces
  5845 | D:6      | Reached XP level 9. HP: 52/52 MP: 9/9
  6106 | D:6      | Found an ornate altar of the Wu Jian Council.
  6516 | D:7      | Found a staircase to the Ecumenical Temple.
  6889 | D:7      | Reached * piety under Okawaru
  6937 | D:7      | Reached skill level 5 in Fighting
  7263 | D:7      | Found Puodysk's Food Boutique.
  7483 | D:8      | Found a hazy altar of Hepliaklqana.
  7647 | D:8      | Reached skill level 1 in Evocations
  7652 | D:8      | Found a roughly hewn altar of Beogh.
  7699 | D:8      | Reached ** piety under Okawaru
  7699 | D:8      | Reached XP level 10. HP: 43/59 MP: 10/10
  7853 | D:8      | Found a snail-covered altar of Cheibriados.
  8129 | D:8      | Found a hazy altar of Hepliaklqana.
  8131 | D:8      | Noticed Erica
  8165 | D:8      | Killed Erica
  8182 | D:8      | Reached *** piety under Okawaru
  8345 | D:8      | Noticed Psyche
  8354 | D:8      | Killed Psyche
  8354 | D:8      | Reached skill level 10 in Maces & Flails
  8489 | D:9      | Found an iron altar of Okawaru.
  8752 | D:8      | Reached skill level 10 in Shields
  9084 | D:9      | Reached **** piety under Okawaru
  9248 | D:9      | Reached skill level 6 in Fighting
  9362 | D:9      | Noticed Maurice
  9370 | D:9      | Reached XP level 11. HP: 64/64 MP: 11/11
  9383 | D:9      | Killed Maurice
  9541 | D:9      | Found an ancient bone altar of Kikubaaqudgha.
  9613 | D:10     | Entered Level 10 of the Dungeon
  9909 | D:10     | Found a runed translucent door.
  9922 | D:10     | Found the +10 large shield of Ignorance {rN+ Int-4}
  9947 | D:10     | Found a runed translucent door.
  9954 | D:10     | Noticed an orange crystal statue
  9958 | D:10     | Noticed an orange crystal statue
  9958 | D:10     | Noticed an orange crystal statue
  9958 | D:10     | Noticed an orange crystal statue
 10449 | D:10     | Reached ***** piety under Okawaru
 11566 | D:11     | Found a staircase to the Orcish Mines.
 11619 | D:11     | Reached skill level 7 in Fighting
 11651 | D:11     | Received a gift from Okawaru
 11782 | D:11     | Killed an unseen horror
 12199 | D:11     | Noticed Urug
 12213 | D:11     | Killed Urug
 12213 | D:11     | Reached XP level 12. HP: 72/72 MP: 12/12
 12236 | D:11     | Found a staircase to the Lair.
 12662 | Lair:1   | Entered Level 1 of the Lair of Beasts
 12755 | Lair:1   | Reached skill level 1 in Stealth
 14276 | Lair:2   | Noticed a six-headed hydra
 14286 | Lair:1   | Killed a six-headed hydra
 14286 | Lair:1   | Received a gift from Okawaru
 14294 | Lair:1   | Got a polished shield {god gift}
 14308 | Lair:1   | Identified the +5 shield of the Other World {Str+3}
                  | (Okawaru gifted it to you on level 1 of the Lair of Beasts)
 14405 | Lair:2   | Found a staircase to the Swamp.
 14954 | Lair:2   | Got a steaming iron ring
 14971 | Lair:2   | Reached XP level 13. HP: 67/78 MP: 13/13
 15077 | Lair:2   | Found a hole to the Spider Nest.
 15403 | Lair:3   | Reached skill level 8 in Fighting
 16031 | Lair:3   | Reached ****** piety under Okawaru
 16376 | Lair:3   | Identified the ring "Uwnow" {Ice Str+7 Stlth-} (You found
                  | it on level 2 of the Lair of Beasts)
 17974 | Lair:5   | Reached skill level 15 in Shields
 18105 | Lair:5   | Received a gift from Okawaru
 19715 | Lair:6   | Entered Level 6 of the Lair of Beasts
 19744 | Lair:5   | Reached skill level 10 in Armour
 19913 | Lair:6   | Received a gift from Okawaru
 19913 | Lair:6   | Reached skill level 9 in Fighting
 19922 | Lair:6   | Got a scorched demon trident {god gift}
 19966 | Lair:5   | Identified the +8 demon trident of Famine {pain, *Noise
                  | Str+8 Dex+3 Stlth+} (Okawaru gifted it to you on level 6 of
                  | the Lair of Beasts)
 20049 | Lair:6   | Found a staircase to the Slime Pits.
 20293 | Lair:6   | Gained mutation: Your large and strong wings let you fly
                  | indefinitely. [Gargoyle growth]
 20293 | Lair:6   | Reached XP level 14. HP: 85/86 MP: 15/15
 20597 | Lair:6   | Reached skill level 10 in Fighting
 20996 | Lair:6   | Received a gift from Okawaru
 20999 | Lair:6   | Got a jewelled flail {god gift}
 21020 | Lair:6   | Identified the +1 flail of Resourcefulness {venom, Str+4}
                  | (Okawaru gifted it to you on level 6 of the Lair of Beasts)
 21460 | Lair:6   | Reached skill level 11 in Fighting
 21570 | Lair:6   | Got a smoking leather armour
 21643 | Lair:6   | Identified the +1 leather armour of the Sky {+Inv Str+3}
                  | (You found it on level 6 of the Lair of Beasts)
 22060 | Swamp:1  | Entered Level 1 of the Swamp
 22724 | Swamp:1  | Received a gift from Okawaru
 23559 | Swamp:2  | Reached skill level 12 in Fighting
 23802 | Swamp:2  | Received a gift from Okawaru
 23803 | Swamp:2  | Found the +8 whip "Snakebite" {curare, rPois}
 24189 | Swamp:2  | Reached XP level 15. HP: 97/97 MP: 16/16
 24592 | Swamp:2  | Noticed Nikola
 24643 | Swamp:2  | Killed Nikola
 24643 | Swamp:2  | Reached skill level 13 in Fighting
 25230 | Swamp:3  | Received a gift from Okawaru
 25233 | Swamp:3  | Got a fine chain mail {god gift}
 25247 | Swamp:2  | Identified the +2 chain mail of Culyicem {MP+9} (Okawaru
                  | gifted it to you on level 3 of the Swamp)
 26621 | Swamp:4  | Entered Level 4 of the Swamp
 27260 | Swamp:4  | Reached skill level 14 in Fighting
 27549 | Swamp:4  | Noticed a thorn hunter
 27611 | Swamp:4  | Killed a thorn hunter
 27830 | Swamp:4  | Reached XP level 16. HP: 106/106 MP: 17/17
 27932 | Swamp:4  | Received a gift from Okawaru
 28456 | Swamp:4  | Reached skill level 1 in Invocations
 28525 | Swamp:4  | Got a decaying rune of Zot
 28581 | Swamp:4  | Reached skill level 15 in Armour
 29026 | Orc:1    | Entered Level 1 of the Orcish Mines
 29089 | Orc:1    | Found Wel Walub's Book Boutique.
 29380 | Orc:1    | Found a dark tunnel.
 29394 | Volcano  | Entered a volcano
 29417 | Volcano  | Identified a scroll of acquirement
 29557 | Volcano  | Received a gift from Okawaru
 30399 | Orc:2    | Entered Level 2 of the Orcish Mines
 30520 | Orc:2    | Noticed Nessos
 30687 | Orc:2    | Killed Nessos
 31103 | Orc:2    | Found a burning altar of Makhleb.
 31194 | Orc:2    | Reached skill level 15 in Fighting
 31228 | Orc:2    | Found a staircase to the Elven Halls.
 31308 | Orc:2    | Found Nuuxiz's Jewellery Emporium.
 32063 | Orc:2    | Found Tuqem's Weapon Shop.
 32072 | Orc:2    | Found Ysepnanu's Weapon Shop.
 32074 | Orc:2    | Found Afogeg's Armour Emporium.
 32706 | D:12     | Reached skill level 5 in Dodging
 32903 | D:12     | Received a gift from Okawaru
 33799 | D:13     | Found a gate to the Vaults.
 35354 | D:15     | Entered Level 15 of the Dungeon
 35591 | Elf:1    | Entered Level 1 of the Elven Halls
 35611 | Elf:1    | Reached skill level 16 in Fighting
 35627 | Orc:2    | Got a coiled crystal amulet
 35629 | Orc:2    | Identified the amulet "Zasop" {Reflect rN++ SH+6 Stlth+}
                  | (You acquired it on level 2 of the Orcish Mines)
 35697 | Elf:1    | Reached XP level 17. HP: 113/115 MP: 6/19
 35977 | Elf:1    | Received a gift from Okawaru
 37125 | Elf:2    | Reached skill level 5 in Evocations
 37264 | Elf:2    | Found Beedomugue's Mayhem Merchandise.
 37272 | Elf:2    | Bought a wand of iceblast (10) for 210 gold pieces
 37474 | Elf:2    | Found a runed translucent gate.
 37474 | Elf:2    | Found a runed translucent gate.
 37566 | Elf:2    | Found a runed translucent gate.
 37722 | Elf:2    | Reached skill level 5 in Invocations
 38172 | Elf:2    | Received a gift from Okawaru
 38172 | Elf:2    | Reached skill level 17 in Fighting
 38338 | Elf:3    | Entered Level 3 of the Elven Halls
 38589 | Elf:3    | Found Uhaly's Magic Scroll Boutique.
 38598 | Elf:3    | Bought 2 scrolls of magic mapping for 91 gold pieces
 39032 | Elf:3    | Noticed a Hell Sentinel
 39047 | Elf:3    | Noticed a deep elf master archer
 39049 | Elf:3    | Noticed a deep elf blademaster
 39051 | Elf:3    | Noticed an Executioner
 39268 | Elf:3    | Reached XP level 18. HP: 100/124 MP: 7/22
 39472 | Elf:3    | Killed a deep elf blademaster
 39514 | Elf:3    | Identified the amulet of Utzerin {Gourm MR+ Str+7 Int+3}
 39621 | Elf:3    | Received a gift from Okawaru
 39695 | Elf:3    | Identified the ring of Divine Intervention {Dex+4 Stlth+}
 39696 | Elf:3    | Identified the ring "Mumn" {+Fly rElec Str+6 Int+4}
 39788 | Elf:3    | Identified the cursed +1 flail "Qefemuv" {drain, rF+ Dex-5
                  | Stlth+}
 39788 | Elf:3    | Identified the cursed +1 leather armour "Igemoalics" {rN+}
 39788 | Elf:3    | Noticed a deep elf master archer
 39809 | Elf:3    | Killed a deep elf master archer
 39815 | Elf:3    | Killed a deep elf master archer
 39981 | Elf:3    | Noticed a deep elf blademaster
 40592 | Elf:3    | Reached skill level 18 in Fighting
 40902 | Elf:3    | Identified the +1 scale mail of Muttered Phrases {rN+ Str-5
                  | Int+3 SInv}
 40923 | Elf:3    | Killed a deep elf blademaster
 41023 | Elf:3    | Noticed a Hell Sentinel
 41093 | Elf:3    | Identified Sif Muna's Disquisition on Lightness and
                  | Conjuration
 41337 | Elf:3    | Noticed a Hell Sentinel
 41338 | Elf:3    | Noticed a Hell Sentinel
 41553 | Spider:1 | Entered Level 1 of the Spider Nest
 42417 | Spider:1 | Received a gift from Okawaru
 42504 | Spider:1 | Identified Roxanne's Grimoire of Shape Shifting
 42504 | Spider:1 | Noticed Roxanne
 42560 | Spider:1 | Killed Roxanne
 43890 | Spider:2 | Reached XP level 19. HP: 124/132 MP: 25/25
 45692 | Spider:3 | Found a frozen archway.
 45732 | IceCv    | Entered an ice cave
 45902 | IceCv    | Identified the Volume of Congealing Feathers
 46677 | IceCv    | Reached skill level 19 in Fighting
 48024 | Spider:4 | Entered Level 4 of the Spider Nest
 48333 | Spider:4 | Received a gift from Okawaru
 48820 | Spider:4 | Received a gift from Okawaru
 48835 | Spider:4 | Noticed Agnes
 48852 | Spider:4 | Killed Agnes
 48900 | Spider:4 | Received a gift from Okawaru
 49223 | Spider:4 | Reached skill level 10 in Invocations
 49316 | Spider:4 | Reached XP level 20. HP: 92/140 MP: 3/27
 49576 | Spider:4 | Got a gossamer rune of Zot
 50099 | Vaults:1 | Entered Level 1 of the Vaults
 50656 | Vaults:1 | Reached skill level 20 in Fighting
 50794 | Vaults:1 | Got a slimy cloak
 50809 | Vaults:1 | Identified the +0 cloak of Uheet {rElec rC+} (You acquired
                  | it on level 1 of the Vaults)
 51256 | Vaults:1 | Received a gift from Okawaru
 53087 | Vaults:2 | Received a gift from Okawaru
 53151 | Vaults:2 | Found a staircase to the Crypt.
 53214 | Vaults:2 | Identified the +7 morningstar of Strategic Superiority
                  | {drain, *Noise Int+2 Dex+6 SInv} (Okawaru gifted it to you
                  | on level 2 of the Vaults)
 53320 | Vaults:2 | Reached skill level 21 in Fighting
 53327 | Vaults:2 | Reached skill level 10 in Evocations
 53464 | Vaults:2 | Reached XP level 21. HP: 115/148 MP: 9/29
 55030 | Vaults:3 | You fall through a shaft!
 55030 | Vaults:4 | Found a ruined gateway.
 55056 | Desolati | Entered the Desolation of Salt
 55220 | Desolati | Received a gift from Okawaru
 55621 | Desolati | Identified the +3 plate armour of Ibyxko {Str+4}
 55642 | Desolati | Killed from afar by a molten gargoyle

Skill      XL: |  1  2  3  4  5  6  7  8  9 10 11 12 13 14 15 16 17 18 19 20 |
---------------+-------------------------------------------------------------+-----
Maces & Flails | 3 4 5 6 7 9 10 11 12 14 | 14.0
Shields        | 4 6 7 8 10 12 14 15 | 15.0
Armour         | 4 5 6 7 8 9 10 12 14 16 17 18 | 18.8
Fighting       | 4 5 6 7 9 12 14 16 17 18 19 21 | 21.4
Dodging        | 1 2 3 4 5 6 |  6.7
Evocations     | 1 3 6 7 8 10 | 10.3
Stealth        | 1 2 3 4 |  4.7
Invocations    | 2 6 8 10 11 | 11.9

Action                   |  1- 3 |  4- 6 |  7- 9 | 10-12 | 13-15 | 16-18 | 19-21 || total
-------------------------+-------+-------+-------+-------+-------+-------+-------++-------
Melee: Flail             |   193 |    11 |       |       |       |       |       ||   204
       Mace              |       |   193 |    56 |       |       |       |       ||   249
       Whip              |       |       |   345 |  1142 |  2310 |  1041 |   516 ||  5354
       Demon whip        |       |       |       |       |       |  1247 |  1570 ||  2817
Invok: Heroism           |       |       |       |     2 |     2 |     6 |     1 ||    11
       Finesse           |       |       |       |       |       |     2 |     1 ||     3
 Abil: Evoke Blink       |       |       |     2 |       |       |       |       ||     2
       Fly               |       |       |       |       |     6 |     1 |       ||     7
       Stop Flying       |       |       |       |       |     5 |     2 |     1 ||     8
Evoke: Wand              |       |       |     4 |     3 |     8 |    37 |    27 ||    79
       Lamp of fire      |       |       |       |       |       |       |     1 ||     1
  Use: Scroll            |       |     3 |    12 |     3 |    16 |    32 |    13 ||    79
       Potion            |       |     5 |       |     2 |     2 |    14 |     4 ||    27
 Stab: Petrified         |       |       |       |       |     4 |       |       ||     4
       Held in net/web   |       |       |       |       |       |       |     1 ||     1
       Distracted        |       |       |       |       |       |       |     1 ||     1
  Eat: Chunk             |     3 |     6 |    14 |    22 |    30 |    33 |    26 ||   134
       Ration            |       |       |       |     1 |     4 |     6 |     4 ||    15
Armor: Scale mail        |   101 |    90 |    52 |       |       |       |       ||   243
       Skin              |       |       |     1 |       |       |       |       ||     1
       Plate armour      |       |       |    83 |   459 |   604 |   580 |   714 ||  2440
Dodge: Dodged            |    76 |    47 |    75 |   213 |   459 |   378 |   428 ||  1676
Block: Shield            |   109 |    90 |   137 |   561 |  1433 |  1639 |  2110 ||  6079
       Reflection        |       |       |       |       |       |    46 |    76 ||   122
